 Dungeon Crawl Stone Soup version 0.29-a0-284-gf9362112df (webtiles) character file.

Game seed: 8066484249819207116

3659 spaghetti the Nimble (level 9, -9/63 HPs)
             Began as a Demonspawn Berserker on Mar 31, 2022.
             Was a Priest of Trog.
             Killed from afar by Erica (23 damage)
             ... with a bolt of poison
             ... on level 8 of the Dungeon.
             The game lasted 00:13:45 (8333 turns).

spaghetti the Nimble (Demonspawn Berserker)         Turns: 8333, Time: 00:13:46

Health: -9/63      AC: 15    Str: 18 (19) XL:     9   Next: 89%
Magic:  0/9        EV: 20    Int:  6 (9)  God:    Trog [***...]
Gold:   462        SH:  0    Dex: 14 (17) Spells: 8/8 levels left

rFire   . . .      SeeInvis +   N - +0 war axe (vamp) {axe}
rCold   . . .      Faith    .   (no shield)
rNeg    . . .      Spirit   +   f - +2 ring mail of the Hart {SInv}
rPois   .          Reflect  .   C - +2 helmet
rElec   .          Harm     .   o - +0 cloak
rCorr   .          Rampage  .   (no gloves)
Will    ++...                   (no boots)
Stlth   ++........              G - amulet of guardian spirit
HPRegen 1.20/turn               w - +4 ring of evasion
MPRegen 0.11/turn               P - +4 ring of protection

@: lethally poisoned (-9 -> -13), strong-willed, on berserk cooldown,
attractive, regenerating
A: thin skeletal structure 1, powered by death 2, weakness stinger 2
a: Renounce Religion, Berserk, Trog's Hand


You were on level 8 of the Dungeon.
You worshipped Trog.
Trog was most pleased with you.
You visited 1 branch of the dungeon, and saw 8 of its levels.

You collected 462 gold pieces.


Innate Abilities, Weirdness & Mutations

You have a somewhat thin skeletal structure. (Dex +2, Stealth+)
You regenerate health from kills.
You have a tail ending in a sharp stinger.


   Skills:
 - Level 3.0 Fighting
 - Level 2.6 Long Blades
 - Level 1.7 Armour
 + Level 11.5 Dodging
 + Level 6.8 Evocations


You had 8 spell levels left.
You didn't know any spells.
Your spell library contained the following spells:

 Spells                   Type           Power      Damage    Failure   Level
 Apportation              Tloc           0%         N/A       65%         1
 Freeze                   Ice            0%         1d3       65%         1
 Pain                     Necr           0%         1d4       65%         1
 Ensorcelled Hibernation  Hex/Ice        0%         N/A       78%         2
 Passwall                 Tmut/Erth      0%         N/A       78%         2
 Frozen Ramparts          Ice            0%         1d2       95%         3
 Swiftness                Air            0%         N/A       95%         3
 Animate Armour           Summ/Erth      0%         N/A       100%        4
 Hailstorm                Conj/Ice       0%         3d3       100%        4
 Agony                    Necr           0%         N/A       100%        5
 Alistair's Intoxication  Tmut/Pois      0%         N/A       100%        5
 Blade Hands              Tmut           0%         N/A       100%        5
 Excruciating Wounds      Necr           0%         N/A       100%        5
 Iron Shot                Conj/Erth      0%         9d1       100%        6

Inventory:

Hand Weapons
 a - a +0 falchion {long}
 m - a +2 flail of protection {mace}
   (You took it off an orc on level 5 of the Dungeon)
 t - the +8 dagger "Ufoo" {holy, *Rage rElec rF+++, short}
   (You found it on level 5 of the Dungeon)

   It has been blessed by the Shining One to cause great damage to the undead
   and demons.
   rF:        It renders you almost immune to fire.
   rElec:     It insulates you from electricity.
   *Rage:     It berserks you when you make melee attacks (+20% chance).
 x - a +0 dagger of speed {short}
   (You took it off a goblin on level 3 of the Dungeon)
 A - a +1 vorpal spear {polearm}
   (You found it on level 4 of the Dungeon)
 B - a +2 quarterstaff of chaos {staff}
   (You took it off Crazy Yiuf on level 4 of the Dungeon)
 F - a +1 vorpal battleaxe {axe}
   (You found it on level 5 of the Dungeon)
 H - a +2 short sword {short}
   (You took it off a wight on level 5 of the Dungeon)
 I - a +1 halberd {polearm}
   (You took it off a wight on level 5 of the Dungeon)
 J - a +3 long sword {long}
   (You took it off a wight on level 6 of the Dungeon)
 L - a +5 dire flail of draining {mace}
   (You took it off Edmund on level 6 of the Dungeon)
 N - a +0 vampiric war axe (weapon) {axe}
   (You took it off an orc on level 7 of the Dungeon)
Missiles
 c - 270 stones (quivered) {throwing}
 y - 7 poisoned darts {throwing}
 z - 8 boomerangs {throwing}
 E - 2 throwing nets {=f!fthrowing}
 O - a silver boomerang {throwing}
Armour
 b - a +0 animal skin
 f - the +2 ring mail of the Hart (worn) {SInv}
   (You found it on level 5 of the Dungeon)

   SInv:      It lets you see invisible.
 l - a +2 hat
   (You found it on level 1 of the Dungeon)
 o - a +0 cloak (worn)
   (You found it on level 1 of the Dungeon)
 C - a +2 helmet (worn)
   (You found it on level 4 of the Dungeon)
Jewellery
 w - a +4 ring of evasion (left hand)
   (You found it on level 3 of the Dungeon)
 G - an amulet of guardian spirit (around neck)
   (You found it on level 5 of the Dungeon)
 P - a +4 ring of protection (right hand)
   (You found it on level 7 of the Dungeon)
Wands
 v - a wand of paralysis (5)
   (You found it on level 3 of the Dungeon)
Scrolls
 e - a scroll of blinking {!r}
 g - 5 scrolls of teleportation {@r4}
 h - a scroll of fog
 j - 2 scrolls of amnesia
 k - a scroll of magic mapping {!r}
 u - a scroll of vulnerability {!r!r}
 M - 3 scrolls of identify {@r1}
Potions
 i - 2 potions of haste {@q3}
 p - 5 potions of curing {@q1}
 r - a potion of magic

Dungeon Overview and Level Annotations

Branches:
Dungeon (8/15)             Temple (0/1) D:6
   Lair: D:8-11

Altars:
Fedhas
Gozag
Hepliaklqana
Makhleb
Okawaru
Wu Jian
Yredelemnul

Shops:
D:1 [

Annotations:
D:8 Erica

########.#
#........#
#.########
###.# g.#.#
#.#.# #g#.#
######@#.####
.......@....#
...########.#
#


You could see Erica, a gnoll sergeant (fleeing) and a gnoll (fleeing).


Message History

You closely miss Erica.
Erica hits you with a +3 scimitar of flaming!
Erica burns you.
Erica hits you with a +3 scimitar of flaming!
* * * LOW HITPOINT WARNING * * *
Erica burns you.
* * * LOW HITPOINT WARNING * * *
😨 HP[-18] MP[-2]
You take 18 damage, and now have 30/63 hp.
MASSIVE DAMAGE!! (PAUSE)
You lost 2 mp, and now have 4/9 mp.
Aiming: Paralyse
Press: ? - help, Shift-Dir - straight line, f - Erica
Aim: Erica, wielding a +3 scimitar of flaming and wearing a +2 robe of willpower (severely wounded, chance to affect: 7%)
Okay, then.
Aiming: Paralyse
Press: ? - help, Shift-Dir - straight line, f - Erica
Aim: Erica, wielding a +3 scimitar of flaming and wearing a +2 robe of willpower (severely wounded, chance to affect: 7%)
Okay, then.
Unknown command.
It was a potion of resistance.
You feel protected.
Erica hits you with a +3 scimitar of flaming.
* * * LOW HITPOINT WARNING * * *
Erica hits you with a +3 scimitar of flaming!
* * * LOW HITPOINT WARNING * * *
Erica burns you.
* * * LOW HITPOINT WARNING * * *
😨 HP[-10] MP[-1]
You take 10 damage, and now have 20/63 hp.
You lost 1 mp, and now have 3/9 mp.
Your skin crawls.
You feel strong-willed.
Erica hits you with a +3 scimitar of flaming.
* * * LOW HITPOINT WARNING * * *
😨 HP[-2]
You take 2 damage, and now have 18/63 hp.
You feel yourself speed up.
Erica hits you with a +3 scimitar of flaming.
* * * LOW HITPOINT WARNING * * *
Erica closely misses you. 😨 HP[-1] MP[-1]
You take 1 damage, and now have 17/63 hp.
You lost 1 mp, and now have 2/9 mp.
It was a potion of degeneration.
There was something very wrong with that liquid.
You feel weakened.
You feel dopey.
You feel clumsy.
Erica completely misses you. 😨 HP[+1] It was a potion of curing.
You feel better.
A gnoll sergeant comes into view. It is wielding a +0 trident.
Erica hits you with a +3 scimitar of flaming!
* * * LOW HITPOINT WARNING * * *
Erica burns you.
* * * LOW HITPOINT WARNING * * *
😱 HP[-7] MP[-1]
You take 7 damage, and now have 11/63 hp.
You lost 1 mp, and now have 1/9 mp.
It was a potion of magic.
Magic courses through your body. Erica misses you. 😱 HP[+1] MP[+8]
Your mp is fully restored (9).
It was a potion of lignification.
You turn into a tree.
Your +0 cloak melds into your body.
Your +2 helmet melds into your body.
The +2 ring mail of the Hart {SInv} melds into your body.
Your roots penetrate the ground.
Erica hits you but does no damage. 😱 HP[+8]
You now have 94 max hp (+31).
You regained 8 hp, and now have 20/94 hp.
It was a potion of cancellation.
Your magical effects are unravelling.
You feel magically purged.
You feel less wooden.
Your +0 cloak unmelds from your body.
Your +2 helmet unmelds from your body.
The +2 ring mail of the Hart {SInv} unmelds from your body.
You feel yourself speed up.
You feel yourself slow down.
Your resistance to elements expires.
The gnoll sergeant hits you from afar with a +0 trident.
* * * LOW HITPOINT WARNING * * *
A gnoll comes into view. It is wielding a +0 club.
Erica completely misses you. 😱 HP[-9] MP[-2]
You now have 63 max hp (-31).
You lost 2 mp, and now have 7/9 mp.
Unknown command.
Unknown command.
It was a potion of attraction.
You feel attractive to monsters.
The gnoll sergeant completely misses you.
Erica screams, "You'll never get it!"
Erica completely misses you. 😱 HP[+2] MP[+1]
You regained 2 hp, and now have 13/63 hp.
Okay, then.
As you read the scroll of fear, it crumbles to dust.
You assume a fearsome visage.
Erica resists with almost no effort.
The gnoll sergeant looks frightened!
The gnoll looks frightened!
Erica casts a spell at you. The bolt of poison hits you!!
You are poisoned.
You die...

Skill      XL: |  1  2  3  4  5  6  7  8  9 |
---------------+----------------------------+-----
Dodging        | 2 3 4 5 7 8 10 11 | 11.5
Evocations     | 3 6 |  6.8
Fighting       | |  3.0
Long Blades    | |  2.6
Armour         | |  1.7

Action                   |  1- 3 |  4- 6 |  7- 9 || total
-------------------------+-------+-------+-------++-------
Melee: Falchion          |    80 |   178 |   297 ||   555
       Tailslap          |     8 |    20 |    61 ||    89
       Punch             |     2 |     1 |    10 ||    13
       War axe           |       |       |    68 ||    68
       Dire flail        |       |       |    43 ||    43
Throw: Stone             |     1 |   108 |   104 ||   213
Invok: Berserk           |     1 |     5 |    14 ||    20
       Trog's Hand       |       |     1 |     1 ||     2
  Use: Potion            |       |       |    10 ||    10
       Scroll            |       |       |     9 ||     9
 Stab: Sleeping          |       |     3 |     2 ||     5
Armor: Animal skin       |    18 |    60 |    22 ||   100
       Ring mail         |       |       |    90 ||    90
       Skin              |       |       |     1 ||     1
Dodge: Dodged            |    59 |   166 |   558 ||   783

Levels and vault maps discovered:
D:1:      minmay_arrival_checkered_box, layout_basic, serial_shops, shop,
          ebering_ecumenical_altar_webs
D:2:      cheibrodos_pilgrimage, layout_loops_cross, kennysheep_generic_room_9,
          uniq_jessica
D:3:      cheibrodos_greedy_goblins, layout_basic, chequers_serial_rivers_marsh
D:4:      layout_basic, nicolae_wu_jian_immortal_techniques,
          mainiacjoe_overflow_brackets, nicolae_overflow_hidden_temple,
          mainiacjoe_overflow_small_starburst, guppyfry_early_orc_mine,
          uniq_crazy_yiuf_cottage, uniq_natasha
D:5:      layout_gridville, mainiacjoe_overflow_surrounded_room
D:6:      layout_rooms, nicolae_hepliaklqana_hazy_memory,
          minmay_temple_entry_junction_2, minivault_24, corexii_hall_statues_s,
          patterned_corridor, uniq_edmund
D:7:      layout_basic
D:8:      layout_loops_ring, overflow_temple_1_default, okawaru_gym_becter,
          mainiacjoe_overflow_tiny_flanked, nicolae_qazlal_scattered_showers,
          enter_bailey_3, uniq_erica

Notes
Turn   | Place    | Note
-------+----------+-------------------------------------------
     0 | D:1      | spaghetti the Demonspawn Berserker began the quest for the
                  | Orb.
     0 | D:1      | Reached XP level 1. HP: 18/18 MP: 1/1
     0 | D:1      | magus.rc [v1.9.6]
    48 | D:1      | Reached skill level 2 in Dodging
    48 | D:1      | Found a faded altar of an unknown god.
   137 | D:1      | Gained mutation: You have a small tail. [demonic ancestry]
   137 | D:1      | Reached XP level 2. HP: 24/24 MP: 2/2
   386 | D:1      | You pick up a book of Iron {forbidden} and begin reading...
   386 | D:1      | You add the spells Animate Armour, Blade Hands and Iron
                  | Shot to your library.
   492 | D:1      | Reached skill level 3 in Dodging
   549 | D:1      | You pick up a book of Pain {forbidden} and begin reading...
   549 | D:1      | You add the spells Pain, Agony and Excruciating Wounds to
                  | your library.
   735 | D:1      | You pick up a book of Frost {forbidden} and begin
                  | reading...
   735 | D:1      | You add the spells Freeze, Frozen Ramparts and Hailstorm to
                  | your library.
   859 | D:1      | Found Haysoomp's Antique Armour Shop.
   920 | D:1      | Reached ** piety under Trog
  1208 | D:2      | Gained mutation: You regenerate a little health from kills.
                  | [demonic ancestry]
  1208 | D:2      | Reached XP level 3. HP: 20/29 MP: 3/3
  1439 | D:2      | Gained mutation: You have a tail ending in a sharp stinger.
                  | [demonic ancestry]
  1439 | D:2      | Reached XP level 4. HP: 22/35 MP: 4/4
  1442 | D:2      | Reached skill level 4 in Dodging
  1675 | D:2      | Noticed Jessica
  1680 | D:2      | Killed Jessica
  1819 | D:2      | Gained mutation: You have a somewhat thin skeletal
                  | structure. (Dex +2, Stealth+) [demonic ancestry]
  1819 | D:2      | Reached XP level 5. HP: 35/41 MP: 5/5
  2002 | D:2      | Reached skill level 5 in Dodging
  2108 | D:2      | You pick up a book of Burglary {forbidden} and begin
                  | reading...
  2108 | D:2      | You add the spells Passwall, Ensorcelled Hibernation and
                  | Swiftness to your library.
  3202 | D:4      | Found a blossoming altar of Fedhas.
  3255 | D:4      | Noticed Natasha
  3267 | D:4      | Killed Natasha
  3267 | D:4      | Reached *** piety under Trog
  3268 | D:4      | Gained mutation: You regenerate health from kills. [demonic
                  | ancestry]
  3268 | D:4      | Reached XP level 6. HP: 47/47 MP: 6/6
  3279 | D:4      | Reached skill level 6 in Dodging
  3392 | D:4      | Noticed an orc warrior
  3395 | D:5      | Entered Level 5 of the Dungeon
  3575 | D:4      | Killed an orc warrior
  3576 | D:4      | Reached skill level 7 in Dodging
  3576 | D:4      | Reached XP level 7. HP: 52/52 MP: 7/7
  3670 | D:4      | Found a burning altar of Makhleb.
  3955 | D:4      | Found a basalt altar of Yredelemnul.
  3975 | D:4      | Noticed Natasha
  3991 | D:4      | Killed Natasha
  4019 | D:4      | Found a runed translucent door.
  4020 | D:4      | Noticed Crazy Yiuf
  4158 | D:4      | Noticed Natasha
  4167 | D:4      | Killed Natasha
  4296 | D:4      | Found an ornate altar of the Wu Jian Council.
  4456 | D:4      | Killed Crazy Yiuf
  4629 | D:5      | Reached skill level 8 in Dodging
  4791 | D:5      | Identified the +8 dagger "Ufoo" {holy, *Rage rElec rF+++}
  4827 | D:5      | Found an opulent altar of Gozag.
  5203 | D:5      | Reached XP level 8. HP: 52/58 MP: 8/8
  5204 | D:5      | Identified the +2 ring mail of the Hart {SInv}
  5351 | D:5      | Reached skill level 9 in Dodging
  5379 | D:5      | You pick up a book of Burglary {forbidden} and begin
                  | reading...
  5812 | D:5      | Reached skill level 1 in Evocations
  5839 | D:5      | Reached skill level 2 in Evocations
  5980 | D:6      | Reached skill level 10 in Dodging
  6007 | D:5      | Reached skill level 3 in Evocations
  6052 | D:6      | Found a hazy altar of Hepliaklqana.
  6549 | D:6      | You pick up a book of Frost {forbidden} and begin
                  | reading...
  6578 | D:6      | Reached XP level 9. HP: 55/63 MP: 6/9
  6656 | D:6      | Found a staircase to the Ecumenical Temple.
  6688 | D:6      | Noticed Edmund
  6701 | D:6      | Killed Edmund
  6702 | D:6      | Reached skill level 4 in Evocations
  6815 | D:6      | You pick up a book of Party Tricks {forbidden} and begin
                  | reading...
  6815 | D:6      | You add the spells Apportation and Alistair's Intoxication
                  | to your library.
  7510 | D:7      | Noticed a komodo dragon
  7520 | D:7      | Killed a komodo dragon
  7521 | D:7      | Reached skill level 5 in Evocations
  7650 | D:7      | Reached skill level 11 in Dodging
  8097 | D:8      | Noticed a two-headed ogre
  8102 | D:8      | Reached skill level 6 in Evocations
  8109 | D:8      | Killed a two-headed ogre
  8109 | D:8      | Reached **** piety under Trog
  8219 | D:8      | Found an iron altar of Okawaru.
  8311 | D:8      | Noticed Erica
  8328 | D:8      | HP: 14/63 [Erica/+3 scimitar of flaming (15)]
  8333 | D:8      | Killed from afar by Erica

Vanquished Creatures
  A two-headed ogre (D:8)
  A komodo dragon (D:7)
  Edmund (D:6)
  3 water moccasins
  2 sky beasts
  An orc warrior (D:4)
  A black bear (D:6)
  2 ogres (D:5)
  3 centaurs
  A phantom (D:4)
  A gnoll sergeant (D:5)
  A necrophage (D:5)
  A bullfrog (D:7)
  4 wights
  2 howler monkeys
  4 hounds
  9 orc priests
  Crazy Yiuf (D:4)
  Jessica (D:2)
  4 iguanas
  Natasha (thrice) (D:4)
  8 orc wizards
  4 gnolls (D:5)
  5 adders
  2 shadow imps
  2 white imps
  An ufetubus (D:5)
  A worm (D:2)
  2 dart slugs
  27 orcs
  4 bats
  5 endoplasms
  3 giant cockroaches
  18 goblins
  6 hobgoblins
  3 jackals (D:2)
  5 kobolds
  5 quokkas
  7 ball pythons
  2 frilled lizards
  10 rats
167 creatures vanquished.

Vanquished Creatures (others)
  2 fungi (D:4)
2 creatures vanquished.

Grand Total: 169 creatures vanquished

Table legend:
 A = Non-vault XP
 B = Vault XP
 C = Vault XP percentage of total XP
 D = Non-vault monster count
 E = Vault monster count
 F = Vault count percentage of total count
                 A         B        C        D         E       F
            +---------+---------+-------+---------+---------+-------
      Total |    4615 |     613 |  11.7 |     137 |      30 |  18.0
            +---------+---------+-------+---------+---------+-------
        D:1 |      37 |       0 |   0.0 |      21 |       0 |   0.0
        D:2 |      75 |     134 |  64.1 |      22 |       7 |  24.1
        D:3 |      14 |      23 |  62.2 |       9 |      13 |  59.1
        D:4 |     428 |     294 |  40.7 |      20 |       9 |  31.0
        D:5 |    1268 |       0 |   0.0 |      25 |       0 |   0.0
        D:6 |     742 |     162 |  17.9 |      15 |       1 |   6.2
        D:7 |    1099 |       0 |   0.0 |      18 |       0 |   0.0
        D:8 |     952 |       0 |   0.0 |       7 |       0 |   0.0
            +---------+---------+-------+---------+---------+-------

Illustrated notes

Table legend:
 A = Kills in this place as a percentage of kills in entire the game.
 B = Kills by you in this place as a percentage of kills by you in the entire game.
 C = Kills by friends in this place as a percentage of kills by friends in the entire game.
 D = Other kills in this place as a percentage of other kills in the entire game.
 E = Experience gained in this place as a percentage of experience gained in the entire game.
 F = Experience gained in this place divided by the number of levels of this place that you have seen.
                   A       B       C       D       E      F
               +-------+-------+-------+-------+-------+----------------------
         Total | 100.0 | 100.0 |   N/A |   N/A | 100.0 | 653.5
       Dungeon | 100.0 | 100.0 |   N/A |   N/A | 100.0 | 653.5
               +-------+-------+-------+-------+-------+----------------------

Table legend: (Time is in decaauts)
 A = Elapsed time spent in this place.
 B = Non-inter-level travel time spent in this place.
 C = Inter-level travel time spent in this place.
 D = Time resting spent in this place.
 E = Time spent auto-exploring this place.
 F = Levels seen in this place.
 G = Mean time per level.
                   A        B        C        D        E       F      G
               +--------+--------+--------+--------+--------+-----+--------+
         Total |   8670 |   8406 |    264 |   1703 |   5059 |   8 | 1083.8 |
       Dungeon |   8670 |   8406 |    264 |   1703 |   5059 |   8 | 1083.8 |
               +--------+--------+--------+--------+--------+-----+--------+

Top non-repeatable levels by time:
     D:5: 1627 daAuts
     D:4: 1442 daAuts
     D:7: 1225 daAuts
     D:1: 1193 daAuts
     D:6: 1094 daAuts
     D:2: 1027 daAuts
     D:3: 924 daAuts
     D:8: 134 daAuts
